 Dungeon Crawl Stone Soup version 0.24-a0-581-gc0fa6600bf (webtiles) character file.

Game seed: 18143519561803832195

67 MisterOstroum the Grave Robber (level 3, 0/25 HPs)
             Began as a Vampire Necromancer on Aug 25, 2019.
             Killed from afar by an orc wizard (6 damage)
             ... with a magic dart
             ... on level 3 of the Dungeon.
             The game lasted 00:10:53 (1697 turns).

MisterOstroum the Grave Robber (VpNe)               Turns: 1697, Time: 00:10:54

Health: 0/25       AC:  2    Str:  7    XL:     3   Next: 98%
Magic:  1/6        EV: 27    Int: 18    God:
Gold:   113        SH:  0    Dex: 14    Spells: 1/6 levels left

rFire    + . .     SeeInvis +   g - +0 short sword
rCold    . . .     Gourm    .   (no shield)
rNeg     . . .     Faith    .   a - +0 robe
rPois    .         Spirit   .   (no helmet)
rElec    .         Reflect  .   (no cloak)
rCorr    .         Harm     .   (no gloves)
MR       .....                  (no boots)
Stlth    ++........             n - amulet of the acrobat
HPRegen  0.28/turn              m - ring of protection from fire
MPRegen  0.10/turn              (no ring)

@: acrobat, very slightly contaminated, regenerating quickly, slowed, very slow
A: no food, fangs 3, see invisible, unbreathing
a: Exsanguinate


You were on level 3 of the Dungeon.
You were alive.

You visited 1 branch of the dungeon, and saw 3 of its levels.

You collected 113 gold pieces.

Inventory:

Hand Weapons
 d - a +0 whip
 e - a +0 dagger
 g - a +0 short sword (weapon)
Missiles
 b - 7 boomerangs (quivered)
 f - 96 stones
Armour
 a - a +0 robe (worn)
 p - a +0 cloak
Jewellery
 m - a ring of protection from fire (left hand)
 n - an amulet of the acrobat (around neck)
Scrolls
 h - 4 scrolls of identify
 i - a scroll of magic mapping {unknown}
 l - 3 scrolls of teleportation {unknown}
 o - a scroll of random uselessness {unknown}
Potions
 c - 2 potions of degeneration {unknown}
 j - 3 potions of resistance {unknown}
 k - a potion of invisibility
 q - a potion of curing {unknown}


   Skills:
 + Level 0.9 Fighting
 - Level 2.1 Dodging
 - Level 3.0 Stealth
 - Level 2.0 Spellcasting
 - Level 6.0 Necromancy


You had one spell level left.
You knew the following spells:

 Your Spells              Type           Power        Failure   Level  Hunger
a - Pain                  Necr           ###.         1%          1    N/A
b - Animate Skeleton      Necr           N/A          1%          1    N/A
c - Vampiric Draining     Necr           ###.......   4%          3    N/A

Your spell library contained the following spells:

 Spells                   Type           Power        Failure   Level  Hunger
 Corona                   Hex            #......      19%         1    N/A
 Regeneration             Chrm/Necr      ##........   16%         3    N/A
 Animate Dead             Necr           N/A          16%         4    N/A
 Ensorcelled Hibernation  Hex/Ice        #.....       26%         2    N/A
 Confuse                  Hex            #.......     47%         3    N/A
 Dazzling Spray           Conj/Hex       #.....       47%         3    N/A
 Tukima's Dance           Hex            #.......     47%         3    N/A

Dungeon Overview and Level Annotations

Branches:
Dungeon (3/15)

Altars:
Qazlal


Innate Abilities, Weirdness & Mutations

You do not eat.
Your natural rate of healing is unusually fast.
You have razor-sharp teeth.
You have supernaturally acute eyesight. (SInv)
You can survive without breathing.


Message History

You see here a ration.
A jackal comes into view.
The orc wizard casts a spell.
The orc wizard blinks!
The jackal moves out of view.
There is a stone staircase leading up here.
You closely miss the orc.
The orc wizard gestures wildly while chanting.
The orc wizard blinks!
The orc hits you but does no damage.
You hit the orc. Your bite misses the orc.
The orc is moderately wounded.
The orc barely misses you.
You hit the orc.
The orc is heavily wounded.
The orc closely misses you.
You barely miss the orc.
The orc is heavily wounded.
The orc hits you but does no damage.
You closely miss the orc.
The orc is heavily wounded.
The orc hits you with a +0 club.
You hit the orc.
The orc is heavily wounded.
The orc barely misses you.
You closely miss the orc.
The orc is heavily wounded.
The orc closely misses you.
There isn't anything here!
Casting: Pain (safe; 1% risk of failure)
Confirm with . or Enter, or press ? or * to list all spells.
Aiming: Vampiric Draining (safe; 4% risk of failure)
Press: ? - help, Shift-Dir - straight line, f - orc
Aim: an orc, wielding a +0 club (heavily wounded)
You kill the orc!
You feel life coursing into your body.
You hit the orc.
The orc is severely wounded.
The orc hits you with a +0 war axe.
You closely miss the orc.
The orc is severely wounded.
The orc wizard mumbles some strange words.
The orc wizard blinks!
The orc hits you with a +0 war axe.
You are too injured to fight recklessly!
You are too injured to fight recklessly!
Casting: Vampiric Draining (safe; 4% risk of failure)
Confirm with . or Enter, or press ? or * to list all spells.
You don't know that spell.
Unknown command.
Casting: Vampiric Draining (safe; 4% risk of failure)
Confirm with . or Enter, or press ? or * to list all spells.
Aiming: Vampiric Draining (safe; 4% risk of failure)
Press: ? - help, Shift-Dir - straight line, f - orc
Aim: an orc, wielding a +0 war axe and wearing a +0 leather armour (severely wounded)
You miscast Vampiric Draining.
You are very lightly contaminated with residual magic.
Nothing appears to happen.
The orc wizard gestures wildly while chanting.
The orc wizard blinks!
The orc barely misses you.
You hit the orc.
The orc is almost dead.
The orc closely misses you.
You closely miss the orc.
The orc is almost dead.
The orc hits you with a +0 war axe!
* * * LOW HITPOINT WARNING * * *
You barely miss the orc.
The orc is almost dead.
The orc hits you with a +0 war axe.
* * * LOW HITPOINT WARNING * * *
You hit the orc but do no damage.
The orc is almost dead.
You barely miss the orc.
The orc is almost dead.
The orc completely misses you.
The orc wizard gestures wildly while chanting.
The orc wizard blinks!
The orc wizard completely misses you. x2
The orc wizard gestures wildly while chanting.
The orc wizard blinks!
A worm comes into view.
Found a scroll labeled TISSOKHLOCO.
A jackal comes into view.
Found a stone staircase leading down.
Casting: Vampiric Draining (safe; 4% risk of failure)
Confirm with . or Enter, or press ? or * to list all spells.
Aiming: Pain (safe; 1% risk of failure)
Press: ? - help, Shift-Dir - straight line, f/p - orc
Aim: an orc, wielding a +0 war axe and wearing a +0 leather armour (almost dead, chance to defeat MR: 92%)
The orc writhes in agony.
You kill the orc!
The orc wizard gestures wildly while chanting.
The orc wizard blinks!
Found a runed bone amulet.
The orc wizard completely misses you. The orc wizard misses you.
The orc wizard points at you and mumbles some strange words.
You feel yourself slow down.
A bat comes into view.
The orc wizard casts a spell at you. The magic dart hits you.
You die...

##.###.###
#[.......#
###..w....o.#
####.#...#
......#####g#
.##.##
###..## #.#
o# o# ..
#####o######
.. # ###..
#......g...#
%# .....
#.##h..###o#
####.
........ #.#
#.##..?..#@#
#. ##.>....#
. ........#
.....b...
....."..##
##......#
........#
.(...#.##


You could see an orc wizard and a bat.

Vanquished Creatures
  2 adders (D:2)
  3 orcs (D:3)
  2 ball pythons
  2 giant cockroaches
  6 goblins
  9 hobgoblins
  A quokka (D:2)
  4 bats
  2 frilled lizards
  7 kobolds
  3 rats
41 creatures vanquished.

Vanquished Creatures (collateral kills)
  A giant cockroach (D:2)
1 creature vanquished.

Grand Total: 42 creatures vanquished

Notes
Turn   | Place    | Note
-------+----------+-------------------------------------------
     0 | D:1      | MisterOstroum the Vampire Necromancer began the quest for
                  | the Orb.
     0 | D:1      | Reached XP level 1. HP: 13/13 MP: 3/3
    88 | D:1      | Learned a level 1 spell: Animate Skeleton
   321 | D:1      | Reached XP level 2. HP: 17/19 MP: 1/5
   372 | D:1      | Reached skill level 5 in Necromancy
   913 | D:2      | Found a stormy altar of Qazlal.
  1003 | D:2      | Reached XP level 3. HP: 18/24 MP: 2/6
  1008 | D:2      | Learned a level 3 spell: Vampiric Draining
  1330 | D:2      | Reached skill level 6 in Necromancy
  1697 | D:3      | Killed from afar by an orc wizard

Levels and vault maps discovered:
D:1:      lightli_iron_boxes, layout_basic
D:2:      cheibrodos_greedy_goblins, layout_rooms, old_standard_altar,
          minivault_26
D:3:      layout_loops_ring, makhleb_altar_promises_db, first_ration

Skill      XL: |  1  2  3 |
---------------+----------+-----
Necromancy     | 5 6 |  6.0
Fighting       | |  0.9
Dodging        | |  2.1
Stealth        | |  3.0
Spellcasting   | |  2.0

Action                   || total
-------------------------++-------
Melee: Dagger            ||    35
       Bite              ||     7
       Short sword       ||    59
Throw: Boomerang         ||    15
 Cast: Pain              ||    29
       Animate Skeleton  ||    13
       Vampiric Draining ||     3
  Use: Scroll            ||     2
 Stab: Sleeping          ||     1
Armor: Robe              ||    19
Dodge: Dodged            ||    67

Table legend:
 A = Non-vault XP
 B = Vault XP
 C = Vault XP percentage of total XP
 D = Non-vault monster count
 E = Vault monster count
 F = Vault count percentage of total count
                 A         B        C        D         E       F
            +---------+---------+-------+---------+---------+-------
      Total |      79 |      17 |  17.7 |      33 |       9 |  21.4
            +---------+---------+-------+---------+---------+-------
        D:1 |      24 |       0 |   0.0 |      16 |       0 |   0.0
        D:2 |      45 |      17 |  27.4 |      13 |       9 |  40.9
        D:3 |      10 |       0 |   0.0 |       4 |       0 |   0.0
            +---------+---------+-------+---------+---------+-------
